 Dungeon Crawl Stone Soup version 0.27-a0-1186-g8b4daa1eef (webtiles) character file.

Game seed: 3410161273164707884

166 rageheart7 the Ducker (level 5, -8/37 HPs)
             Began as an Octopode Gladiator on May 19, 2021.
             Killed from afar by an orc wizard (10 damage)
             ... with a magic dart
             ... on level 4 of the Dungeon.
             The game lasted 00:05:36 (3719 turns).

rageheart7 the Ducker (Octopode Gladiator)          Turns: 3719, Time: 00:05:37

Health: -8/37      AC:  1    Str: 14    XL:     5   Next: 47%
Magic:  5/5        EV: 14    Int: 11    God:
Gold:   233        SH:  0    Dex: 13    Spells: 4/4 levels left

rFire    . . .     SeeInvis .   n - +0 long sword
rCold    . . .     Faith    .   j - +0 buckler
rNeg     . . .     Spirit   .   b - +0 hat
rPois    .         Reflect  .   (no amulet)
rElec    .         Harm     .   (no ring)
rCorr    .         Rampage  .   (no ring)
Will     .....                  (no ring)
Stlth    ++........             (no ring)
HPRegen  0.12/turn              (no ring)
MPRegen  0.09/turn              (no ring)
                                (no ring)
                                (no ring)

@: confused, attractive, flying
A: almost no armour, amphibious, 8 rings, camouflage 1, gelatinous body 1,
(nimble swimmer 1), tentacles
a: no special abilities


You were on level 4 of the Dungeon.
You visited 1 branch of the dungeon, and saw 4 of its levels.

You collected 233 gold pieces.

Inventory:

Hand Weapons
 a - a +0 quarterstaff
 n - a +0 long sword (weapon)
Missiles
 c - 3 throwing nets (quivered)
 i - 3 curare-tipped darts
 o - 14 poisoned darts
Armour
 b - a +0 hat (worn)
 j - a +0 buckler (worn)
Scrolls
 d - 2 scrolls of identify {unknown}
 e - 2 scrolls of teleportation {unknown}
 f - a scroll of enchant armour {unknown}
 g - a scroll of noise {unknown}
 h - a scroll of blinking {unknown}
 q - a scroll of immolation {unknown}
Potions
 p - a potion of flight


   Skills:
 * Level 3.6 Fighting
 - Level 3.5 Staves
 - Level 2.0 Throwing
 * Level 4.3 Dodging
 * Level 1.1 Shields


You had 4 spell levels left.
You didn't know any spells.
Your spell library was empty.

Dungeon Overview and Level Annotations

Branches:
Dungeon (4/15)
 Temple: D:4-7

Altars:

Annotations:
D:3 1 runed translucent door, Crazy Yiuf


Innate Abilities, Weirdness & Mutations

You cannot wear most types of armour.
You are amphibious.
You can wear up to eight rings at the same time.
Your skin changes colour to match your surroundings (Stealth+).
Your rubbery body absorbs attacks. (AC +1, EV +1)
((You are camouflaged near water. (Stealth+)))
You have tentacles for arms and can constrict up to eight enemies at once.


Message History

You closely miss something. You squeeze something.
You hear some strange, mumbled words.
You are more confused.
Something hits you.
You miss something.
The orc priest mumbles some strange prayers to Beogh against you.
Beogh smites you! Something hits you.
* * * LOW HITPOINT WARNING * * *
It was a potion of attraction.
You feel attractive to monsters.
You hear some strange, mumbled words.
A magic dart appears from out of thin air!
The magic dart hits you!
* * * LOW HITPOINT WARNING * * *
It was a potion of curing.
You feel better.
You feel less invigorated.
The orc priest casts a cantrip, but nothing happens.
Something hits you.
It was a potion of heal wounds.
You feel much better.
You hear some strange, mumbled words.
Something tries to affect you, but you resist.
You barely miss something. You squeeze something. Something hits you.
Your shield prevents you from hitting something.
Something hits you. x2
You miss something. Something hits you.
You closely miss something. You squeeze something.
Something hits you but does no damage.
The orc priest invokes the aid of Beogh against you.
Beogh smites you! Something hits you.
You hear a shout!
You miss something.
You hear some strange, mumbled words.
You are confused.
You bump into the rock wall.
The orc priest mumbles some strange prayers to Beogh against you.
Beogh smites you!
* * * LOW HITPOINT WARNING * * *
You hear some strange, mumbled words.
A magic dart appears from out of thin air!
The magic dart hits you!
You die...

###### #....# #....#
############....########
................@{ooo...
######.#####....####.###
#.# #....# #.# ######
#.# #.# . #.# #########
# ....##.###.......###.#
......................


You could see an orc priest and 2 orcs.

Vanquished Creatures
  Jessica (D:2)
  8 adders
  An ufetubus (D:3)
  2 worms (D:2)
  2 dart slugs
  8 ball pythons
  3 bats
  6 endoplasms
  4 giant cockroaches
  5 hobgoblins
  8 kobolds
  A quokka (D:1)
  2 goblins (D:1)
  5 rats
56 creatures vanquished.

Vanquished Creatures (others)
  2 fungi (D:3)
2 creatures vanquished.

Grand Total: 58 creatures vanquished

Notes
Turn   | Place    | Note
-------+----------+-------------------------------------------
     0 | D:1      | rageheart7 the Octopode Gladiator began the quest for the
                  | Orb.
     0 | D:1      | Reached XP level 1. HP: 14/14 MP: 1/1
   354 | D:1      | Reached XP level 2. HP: 17/19 MP: 2/2
   833 | D:1      | Reached XP level 3. HP: 18/25 MP: 3/3
  1192 | D:2      | Noticed Jessica
  1349 | D:2      | Killed Jessica
  1350 | D:2      | Reached XP level 4. HP: 6/31 MP: 4/4
  1849 | D:2      | Reached skill level 4 in Dodging
  2757 | D:3      | Reached XP level 5. HP: 35/36 MP: 5/5
  3258 | D:3      | Reached skill level 1 in Shields
  3528 | D:3      | Found a runed translucent door.
  3529 | D:3      | Noticed Crazy Yiuf
  3719 | D:4      | Killed from afar by an orc wizard

Illustrated notes

Levels and vault maps discovered:
D:1:      mrwooster_arrival_statue, layout_loops_cross, nrook_mini_vaults
D:2:      layout_loops_corners, grunt_ministairs_9, uniq_jessica
D:3:      layout_basic, uniq_crazy_yiuf_cottage
D:4:      layout_basic, uniq_natasha

Skill      XL: |  1  2  3  4  5 |
---------------+----------------+-----
Fighting       | 3 |  3.6
Dodging        | 4 |  4.3
Shields        | 1 |  1.1
Staves         | |  3.5
Throwing       | |  2.0

Action                   |  1- 3 |  4- 6 || total
-------------------------+-------+-------++-------
Melee: Quarterstaff      |    55 |    21 ||    76
       Constrict         |    12 |    15 ||    27
       Tentacles         |     6 |    13 ||    19
       Long sword        |       |    41 ||    41
  Use: Potion            |       |     6 ||     6
 Stab: Sleeping          |     2 |     6 ||     8
Armor: Skin              |     5 |     3 ||     8
Dodge: Dodged            |    39 |    33 ||    72
Block: Buckler           |       |     1 ||     1
       Rpst.: Long sword |       |     7 ||     7

Table legend: (Time is in decaauts)
 A = Elapsed time spent in this place.
 B = Non-inter-level travel time spent in this place.
 C = Inter-level travel time spent in this place.
 D = Time resting spent in this place.
 E = Time spent auto-exploring this place.
 F = Levels seen in this place.
 G = Mean time per level.
                   A        B        C        D        E       F      G
               +--------+--------+--------+--------+--------+-----+--------+
         Total |   3749 |   3634 |    115 |    407 |   2785 |   4 |  937.2 |
       Dungeon |   3749 |   3634 |    115 |    407 |   2785 |   4 |  937.2 |
               +--------+--------+--------+--------+--------+-----+--------+

Top non-repeatable levels by time:
     D:2: 1473 daAuts
     D:1: 1247 daAuts
     D:3: 967 daAuts
     D:4: 60 daAuts
